 Dungeon Crawl Stone Soup version 0.21-a0-110-g8e1637b (webtiles) character file.

132 Alarkh the Skirmisher (level 4, 11/35 HPs)
             Began as a Demonspawn Monk on July 8, 2017.
             Was a Priest of Kikubaaqudgha.
             Quit the game on level 3 of the Dungeon.
             The game lasted 00:02:46 (2650 turns).

Alarkh the Skirmisher (Demonspawn Monk)             Turns: 2650, Time: 00:02:47

Health: 11/35      AC:  4    Str: 11    XL:     4   Next: 92%
Magic:  4/4        EV: 13    Int: 13    God:    Kikubaaqudgha [***...]
Gold:   176        SH:  0    Dex: 17    Spells: 3/3 levels left

rFire    . . .     SeeInvis .   a - +2 hand axe
rCold    . . .     Gourm    .   (no shield)
rNeg     . . .     Faith    .   s - +0 leather armour (curse)
rPois    .         Spirit   .   (helmet restricted)
rElec    .         Reflect  .   (no cloak)
rCorr    .         Harm     .   (no gloves)
MR       .....                  d - +0 pair of boots
Stlth    +.........             (no amulet)
HPRegen  0.11/turn              (no ring)
MPRegen  0.09/turn              (no ring)

@: confused
A: horns 1, thin skeletal structure 1
a: Receive Corpses, Renounce Religion


You were on level 3 of the Dungeon.
You worshipped Kikubaaqudgha.
Kikubaaqudgha was most pleased with you.
You were not hungry.

You visited 1 branch of the dungeon, and saw 3 of its levels.

You collected 176 gold pieces.

Inventory:

Hand Weapons
 a - a +2 hand axe (weapon)
Armour
 b - a +0 robe
 d - a +0 pair of boots (worn)
 s - a cursed +0 leather armour (worn)
Scrolls
 e - a scroll of identify
 f - a scroll of amnesia
 j - 2 scrolls of enchant weapon
 k - a scroll of teleportation
 l - 2 scrolls of remove curse {unknown}
 n - 2 scrolls of enchant armour {unknown}
 r - a scroll of fog
Potions
 g - 3 potions of might
 i - a potion of heal wounds
 o - a potion of curing
Books
 p - Kikubaaqudgha's Catalogue of Evil Arts
   (Kikubaaqudgha gifted it to you on level 2 of the Dungeon)

   Spells                             Type                      Level
   a - Animate Skeleton               Necromancy                   1
   b - Corpse Rot                     Necromancy                   2
   c - Sublimation of Blood           Necromancy                   2
   d - Regeneration                   Charms/Necromancy            3
   e - Control Undead                 Necromancy                   4
 q - Kikubaaqudgha's Tome of Sinister Magic
   (Kikubaaqudgha gifted it to you on level 2 of the Dungeon)

   Spells                             Type                      Level
   a - Animate Dead                   Necromancy                   4
   b - Excruciating Wounds            Charms/Necromancy            5
   c - Cigotuvi's Embrace             Necromancy                   5
   d - Dispel Undead                  Necromancy                   5
   e - Simulacrum                     Ice/Necromancy               6
Comestibles
 c - 2 bread rations
 h - 2 royal jellies
 m - a chunk of flesh
 t - 6 fruits


   Skills:
 + Level 3.5 Fighting
 + Level 3.5 Axes
 + Level 1.0 Armour
 + Level 3.4 Dodging
 + Level 2.7 Stealth


You had 3 spell levels left.
You didn't know any spells.

Dungeon Overview and Level Annotations

Branches:
Dungeon (3/15)

Altars:
Elyvilon
Gozag
Hepliaklqana
Kikubaaqudgha
Okawaru
Qazlal


Innate Abilities, Weirdness & Mutations

You have a pair of small horns on your head.
You have a somewhat thin skeletal structure. (Dex +2, Stealth)


Message History

You bump into the rock wall.
You hear some strange, mumbled words.
A magic dart appears from out of thin air!
The magic dart hits you!
You hear some strange, mumbled words.
You are more confused.
Things that are here:
a club; a ring mail Something hits you but does no damage.
You completely miss something. You headbutt something.
Kikubaaqudgha accepts your kill.
Reactivating autopickup.
Your Armour skill increases to level 1!
You feel a bit more experienced.
Things that are here:
a dagger; a robe There isn't anything to butcher here.
Eat one of 2 chunks of flesh? (ye/n/q)
You eat one of the 2 chunks of flesh.
This raw flesh tastes terrible.
Are you sure you want to abandon this character and quit the game? (Confirm with "yes".)

#####.#
#......##.......#
<####.##
###..#..........##
.......#
##.#.<..........
.......#
#..........####
...(...##
#.#........#
.#####..#
#.#.....#..#
.######.##
#.......#..#
.##......#
#.......#.##
.##......##
#..@)..####
..#.....<.# #.).).##
..#.......####..##.#
..#######>.##...##.#
..# ##.###.###.# ..#
#..##.# ### ..#
##.##.# ..# #.##.#
##### #.##.#


There were no monsters in sight!

Vanquished Creatures
  An orc wizard (D:3)
  3 adders
  An ooze (D:2)
  2 worms (D:2)
  A dart slug (D:2)
  3 leopard geckos
  5 orcs (D:3)
  5 giant cockroaches
  10 goblins
  5 hobgoblins
  A quokka (D:2)
  2 bats
  3 frilled lizards
  9 kobolds
  6 rats
57 creatures vanquished.

Vanquished Creatures (others)
  A quokka (D:2)
1 creature vanquished.

Grand Total: 58 creatures vanquished

Notes
Turn   | Place    | Note
-------+----------+-------------------------------------------
     0 | D:1      | Alarkh the Demonspawn Monk began the quest for the Orb.
     0 | D:1      | Reached XP level 1. HP: 18/18 MP: 1/1
   349 | D:1      | Gained mutation: You have a pair of small horns on your head. [demonic ancestry]
   349 | D:1      | Reached XP level 2. HP: 24/24 MP: 2/2
   773 | D:2      | Found a faded altar of an unknown god.
   870 | D:2      | Became a worshipper of Kikubaaqudgha
   870 | D:2      | Reached * piety under Kikubaaqudgha
   870 | D:2      | Identified Kikubaaqudgha's Catalogue of Evil Arts (Kikubaaqudgha gifted it to you on level 2 of the Dungeon)
   870 | D:2      | Received a gift from Kikubaaqudgha
   870 | D:2      | Reached ** piety under Kikubaaqudgha
   902 | D:2      | Gained mutation: You have a somewhat thin skeletal structure. (Dex +2, Stealth) [demonic ancestry]
   902 | D:2      | Reached XP level 3. HP: 28/29 MP: 3/3
  1113 | D:2      | Reached *** piety under Kikubaaqudgha
  1113 | D:2      | Identified Kikubaaqudgha's Tome of Sinister Magic (Kikubaaqudgha gifted it to you on level 2 of the Dungeon)
  1113 | D:2      | Received a gift from Kikubaaqudgha
  1601 | D:2      | Reached XP level 4. HP: 13/35 MP: 4/4
  1881 | D:2      | Found a white marble altar of Elyvilon.
  2217 | D:3      | Found a hazy altar of Hepliaklqana.
  2217 | D:3      | Found an opulent altar of Gozag.
  2223 | D:3      | Found a stormy altar of Qazlal.
  2223 | D:3      | Found an iron altar of Okawaru.
  2647 | D:3      | Reached skill level 1 in Armour
  2650 | D:3      | Quit the game

Vault maps used:
D:1:      lordsloth_arrival_two_stooges, kennysheep_flooded_box
D:2:      elyvilon_altar_4, chequers_ecumenical_altar_simple, st_stairs_8,
          minmay_misc_feat_pillars
D:3:      chequers_temple_overflow_statue_of_worship

Skill      XL: |  1  2  3  4 |
---------------+-------------+-----
Axes           | 3 |  3.5
Dodging        | 3 |  3.4
Stealth        | 2 |  2.7
Armour         | 1 |  1.0
Fighting       | |  3.5

Action                   |  1- 3 |  4- 6 || total
-------------------------+-------+-------++-------
Melee: Hand axe          |    90 |    57 ||   147
       Headbutt          |    16 |    12 ||    28
  Use: Scroll            |     6 |     3 ||     9
 Stab: Sleeping          |     6 |       ||     6
       Distracted        |     1 |     1 ||     2
  Eat: Chunk             |     2 |     4 ||     6
Armor: Robe              |     7 |       ||     7
       Leather armour    |     1 |    19 ||    20
Dodge: Dodged            |    47 |    39 ||    86
